 Dungeon Crawl Stone Soup version 0.31-a0-1301-g7e11add784 (webtiles) character file.

Game seed: 9636081043783055113

44 Nattfarinn the Changeling (level 3, -3/46 HPs)
             Began as a Naga Shapeshifter on Dec 19, 2023.
             Killed from afar by Sigmund (5 damage)
             ... with a puff of flame
             ... on level 2 of the Dungeon.
             The game lasted 00:01:42 (1227 turns).

Nattfarinn the Changeling (Naga Shapeshifter)       Turns: 1227, Time: 00:01:43

Health: -3/46      AC: 21    Str: 18    XL:     3   Next: 60%
Magic:  3/3        EV:  1    Int: 10    God:
Gold:   92         SH:  0    Dex: 10    Spells: 2/2 levels left

rFire   . . .        h - +2 whip (venom)
rCold   . . .        (no shield)
rNeg    . . .        a - melded +0 animal skin
rPois   +            (helmet currently unavailable)
rElec   .            (cloak currently unavailable)
rCorr   .            (gloves currently unavailable)
SInv    +            (no barding)
Will    .....        (no amulet)
Stlth   +            (no ring)
HPRegen 0.27/turn    (no ring)
MPRegen 0.08/turn

%: no passive effects
@: tree-form
A: stationary, stasis, torment immunity, boosted hp, AC +1, large, see
invisible, (deformed body), (poison resistance), (slowness 2), spit poison 1,
(naga tail 1)
a: Spit Poison


You were on level 2 of the Dungeon.
You were a tree.
You visited 1 branch of the dungeon, and saw 2 of its levels.

You collected 92 gold pieces.

Inventory:

Hand Weapons
 h - a +2 whip of venom (weapon)
Armour
 a - a +0 animal skin (melded)
Talismans
 c - a beast talisman
 d - a flux talisman
Scrolls
 e - a scroll of teleportation {unknown}
 f - a scroll of identify {unknown}
 j - a scroll of fog {unknown}
Potions
 b - a potion of lignification
 g - a potion of might {unknown}
 i - a potion of curing {unknown}


   Skills:
 - Level 1.0 Fighting
 - Level 1.5 Dodging
 - Level 3.0 Unarmed Combat
 + Level 4.3 Shapeshifting


You had 2 spell levels left.
You didn't know any spells.
Your spell library contained the following spells:

 Spells                   Type           Power      Damage    Failure   Level
 Slow                     Hex            0%         N/A       36%         1
 Confusing Touch          Hex            0%         N/A       75%         3
 Sigil of Binding         Hex            0%         N/A       75%         3
 Vampiric Draining        Necr           0%         2d6       75%         3


Dungeon Overview and Level Annotations

Branches:
Dungeon (2/15)

Altars:

Shops:
D:1 :

Annotations:
D:2 Sigmund


Innate Abilities, Weirdness & Mutations

You are a tree.
Your roots penetrate the ground, keeping you stationary.
You cannot be teleported.
You are immune to unholy pain and torment.
Your maximum health is greatly increased.
Your equipment is partially melded.
((Your serpentine skin is tough. (AC +1)))
You have supernaturally acute eyesight. (SInv)
((Armour fits poorly on your strangely shaped body.))
((Your system is resistant to poisons. (rPois)))
((You cover ground very slowly.))
You can spit poison.
((You have a snake-like lower body.))


Message History

No target in view!
No target in view!
No target in view!
No target in view!
You now have 75 gold pieces (gained 13).
You see here 4 stones.
You now have 86 gold pieces (gained 11).
You now have 92 gold pieces (gained 6).
Found a scale mail.
Sigmund the Dreaded comes into view.
He is wielding a +6 heavy scythe and carrying a wand of flame.
Found a robe.
Sigmund shouts!
Sigmund is nearby!
Sigmund is nearby!
Found 8 gold pieces.
Sigmund points at you and mumbles some strange words.
The magic dart hits you! Sigmund casts a spell at you. The magic dart hits you.
Sigmund zaps a wand.
The puff of flame hits you!
Sigmund says, "Now you see me, now you don't..."
Sigmund points at you and mumbles some strange words.
You resist with some effort.
Found a scroll labelled XAITSE RAEMP.
Sigmund hits you with a +6 heavy scythe!
* * * LOW HITPOINT WARNING * * *
Your transformation has ended.
You turn into a tree.
Your +0 animal skin melds into your body.
Your roots penetrate the ground.
You hit Sigmund.
Sigmund is poisoned.
Sigmund is lightly wounded.
Sigmund hits you but does no damage.
You barely miss Sigmund.
Sigmund is lightly wounded.
You barely miss Sigmund.
Sigmund is lightly wounded.
Sigmund zaps a wand.
The puff of flame hits you.
You die...
Sigmund begins carving another notch in his scythe.

.####...#####.........
##............+.........
..#####...#####.........
... #...# ##........
#.###...# #........
#......##### #........
##.........####.......
#.........).......###
#...♣.............##
#...@..............##
#[........####...)...
#...[.....# #.......
#.$.......# #.......
#.........# #.......
#.........# #####...
##..?.##### #... #...


You could see Sigmund (very poisoned).

Vanquished Creatures
  An adder (D:2)
  3 ball pythons (D:1)
  4 endoplasms
  A giant cockroach (D:1)
  3 goblins
  6 hobgoblins
  6 kobolds
  2 quokkas (D:2)
  A bat (D:1)
  4 rats
31 creatures vanquished.

Notes
Turn   | Place    | Note
-------+----------+-------------------------------------------
     0 | D:1      | Nattfarinn the Naga Shapeshifter began the quest for the
                  | Orb.
     0 | D:1      | Reached XP level 1. HP: 18/18 MP: 1/1
   113 | D:1      | Reached XP level 2. HP: 25/25 MP: 2/2
   160 | D:1      | Found Jamnarch's Book Emporium.
   866 | D:2      | Reached XP level 3. HP: 27/31 MP: 3/3
   936 | D:2      | Reached skill level 4 in Shapeshifting
  1219 | D:2      | Noticed Sigmund
  1223 | D:2      | HP: 1/31 [Sigmund/+6 heavy scythe (10)]
  1227 | D:2      | Killed from afar by Sigmund

Illustrated notes

Levels and vault maps discovered:
D:1:      minmay_arrival_stone_box, layout_loops_ring, serial_shops, shop,
          serial_rivers, chequers_serial_rivers_marsh,
          chequers_serial_rivers_small_3, chequers_serial_rivers_large_b,
          chequers_serial_rivers_room_b
D:2:      layout_basic, uniq_sigmund

Skill      XL: |  1  2  3 |
---------------+----------+-----
Shapeshifting  | 4 |  4.3
Fighting       | |  1.0
Dodging        | |  1.5
Unarmed Combat | |  3.0

Action                     || total
---------------------------++-------
  Melee: Unarmed           ||    34
         Whip              ||    36
Ability: Spit Poison       ||    16
    Use: Potion            ||     1
 Armour: Animal skin       ||    48
         Skin              ||     2
  Dodge: Dodged            ||    20

Table legend: (Time is in decaauts)
 A = Elapsed time spent in this place.
 B = Non-inter-level travel time spent in this place.
 C = Inter-level travel time spent in this place.
 D = Time resting spent in this place.
 E = Time spent auto-exploring this place.
 F = Levels seen in this place.
 G = Mean time per level.
                   A        B        C        D        E       F      G
               +--------+--------+--------+--------+--------+-----+--------+
         Total |   1571 |   1503 |     68 |      0 |   1289 |   2 |  785.5 |
       Dungeon |   1571 |   1503 |     68 |      0 |   1289 |   2 |  785.5 |
               +--------+--------+--------+--------+--------+-----+--------+

Top non-repeatable levels by time:
     D:1: 1067 daAuts
     D:2: 504 daAuts
